 Dungeon Crawl Stone Soup version 0.27.1-34-g3ba077fa99 (webtiles) character file.

Game seed: 8661317788287037765

206472 DildoBatman the Earth Mage (level 19, -5/140 HPs)
             Began as a Formicid Conjurer on Jan 18, 2022.
             Was an Initiate of Gozag.
             Slain by a tentacle (20 damage)
             ... attached to a kraken
             ... on level 3 of the Shoals.
             The game lasted 02:15:36 (35086 turns).

DildoBatman the Earth Mage (Formicid Conjurer)     Turns: 35086, Time: 02:15:37

Health: -5/140     AC: 11    Str: 13    XL:     19   Next: 43%
Magic:  22/33      EV: 16    Int: 31    God:    Gozag
Gold:   5306       SH: 19    Dex: 19    Spells: 7/38 levels left

rFire    . . .     SeeInvis +   a - +1 longbow (flame)
rCold    + + +     Faith    .   Y - +0 tower shield
rNeg     . . .     Spirit   .   j - +1 robe {Will+}
rPois    +         Reflect  .   (helmet unavailable)
rElec    .         Harm     +   E - scarf {repulsion}
rCorr    .         Rampage  .   W - +1 pair of gloves
Will     ++...                  l - +2 pair of boots
Stlth    ++........             r - amulet "Rawixoh" {RegenMP Harm Drain rC++ Dex+4}
HPRegen  0.33/turn              k - +6 ring of intelligence
MPRegen  0.48/turn              s - +6 ring of intelligence

@: repel missiles, very slow
A: permanent stasis, dig shafts and tunnels, antennae 3, four strong arms,
iridescent scales 1, camouflage 1, cold resistance 1, poison resistance,
evolution 1
}: 1/15 runes: gossamer
a: Dig, Shaft Self, Renounce Religion, Potion Petition, Call Merchant, Bribe
Branch


You were on level 3 of the Shoals.
You worshipped Gozag.
Gozag was greatly pleased with you.
You visited 6 branches of the dungeon, and saw 31 of its levels.
You also visited: Sewer, Gauntlet and Volcano.

You collected 8890 gold pieces.
You spent 3077 gold pieces at shops.
You paid 507 gold pieces to Gozag.

Inventory:

Hand Weapons
 a - a +1 longbow of flaming (weapon)
 b - a +7 falchion of electrocution
 d - a +4 scimitar of flaming
 v - the +1 flail of Ityih {vorpal, rCorr Int+3}
   (You found it on level 4 of the Lair of Beasts)

   It inflicts extra damage upon your enemies.
   Int:       It affects your intelligence (+3).
   rCorr:     It protects you from acid and corrosion.
Missiles
 q - 379 bolts
 F - 6 throwing nets
 J - 380 arrows (quivered ammo)
 T - 178 sling bullets
Armour
 c - a +4 scale mail of fire resistance
 j - a +1 robe of willpower (worn)
 l - a +2 pair of boots (worn)
 E - a scarf of repulsion (worn)
 W - a +1 pair of gloves (worn)
 Y - a +0 tower shield (worn)
Jewellery
 f - the ring of Lilodgh {rPois rCorr Str+2 Int+3}
   (You found it on level 3 of the Spider Nest)

   [ring of resist corrosion]

   Str:       It affects your strength (+2).
   Int:       It affects your intelligence (+3).
   rPois:     It protects you from poison.
   rCorr:     It protects you from acid and corrosion.
 k - a +6 ring of intelligence (left hand)
 r - the amulet "Rawixoh" (around neck) {RegenMP Harm Drain rC++ Dex+4}
   (You found it in a Gauntlet)

   [amulet of magic regeneration]

   It increases your rate of magic regeneration.
   Dex:       It affects your dexterity (+4).
   rC:        It greatly protects you from cold.
   Drain:     It drains your maximum health when unequipped.
   Harm:      It increases damage dealt and taken.
 s - a +6 ring of intelligence (right hand)
 y - a ring of willpower
 I - a +4 ring of protection
Wands
 o - a wand of iceblast (27)
 x - a wand of acid (25)
Scrolls
 g - 3 scrolls of immolation
 h - 3 scrolls of holy word
 n - 11 scrolls of fog
 t - 3 scrolls of summoning
 w - 7 scrolls of enchant armour
 z - 5 scrolls of identify
 B - 5 scrolls of fear
 C - a scroll of magic mapping
 G - 2 scrolls of acquirement
 L - 2 scrolls of torment
 V - 9 scrolls of amnesia
Potions
 e - a potion of resistance
 m - 7 potions of heal wounds
 p - 17 potions of curing
 A - 4 potions of might
 D - 8 potions of brilliance
 K - 4 potions of flight
 N - 3 potions of invisibility
 P - 6 potions of magic
 Q - 4 potions of cancellation
 U - 4 potions of ambrosia
Miscellaneous
 O - a phantom mirror


   Skills:
 - Level 10.0 Fighting
 - Level 10.0 Armour
 - Level 7.0 Dodging
 - Level 2.4 Stealth
 - Level 15.0 Shields
 - Level 10.0 Spellcasting
 - Level 6.0 Conjurations
 * Level 15.0 Necromancy
 - Level 12.0 Transmutations
 - Level 6.0 Air Magic
 * Level 16.8 Earth Magic
 - Level 6.0 Poison Magic


You had 7 spell levels left.
You knew the following spells:

 Your Spells              Type           Power      Damage    Failure   Level
a - Borgnjor's Vile Clut  Necr/Erth      42%        N/A       1%          5
b - Ignite Poison         Fire/Tmut/Pois 51%        N/A       1%          3
d - Vampiric Draining     Necr           41%        2d11      1%          3
e - Mephitic Cloud        Conj/Pois/Air  51%        N/A       1%          3
g - Statue Form           Tmut/Erth      54%        N/A       1%          6
h - Dispel Undead         Necr           83%        3d27      1%          4
i - Bolt of Magma         Conj/Fire/Erth 29%        4d13      4%          5
z - Sublimation of Blood  Necr           41%        N/A       0%          2

Your spell library contained the following spells:

 Spells                   Type           Power      Damage    Failure   Level
 Animate Skeleton         Necr           100%       N/A       0%          1
 Pain                     Necr           100%       1d9       0%          1
 Magic Dart               Conj           100%       1d8       1%          1
 Shock                    Conj/Air       100%       1d9       1%          1
 Corpse Rot               Necr/Air       N/A        N/A       1%          2
 Searing Ray              Conj           100%       3d7       1%          2
 Static Discharge         Conj/Air       51%        N/A       1%          2
 Animate Armour           Summ/Erth      100%       N/A       1%          4
 Animate Dead             Necr           41%        N/A       1%          4
 Leda's Liquefaction      Hex/Erth       30%        N/A       1%          4
 Blade Hands              Tmut           37%        N/A       1%          5
 Excruciating Wounds      Necr           41%        N/A       1%          5
 Death Channel            Necr           41%        N/A       1%          6
 Dazzling Flash           Conj/Hex       68%        N/A       2%          3
 Airstrike                Air            25%        N/A       2%          4
 Irradiate                Conj/Tmut      31%        3d23      2%          5
 Summon Small Mammal      Summ           60%        N/A       3%          1
 Iron Shot                Conj/Erth      36%        9d7       4%          6
 Call Canine Familiar     Summ           15%        N/A       10%         3
 Gell's Gravitas          Tloc           7%         N/A       10%         3
 Inner Flame              Hex/Fire       15%        N/A       10%         3
 Portal Projectile        Hex/Tloc       30%        N/A       10%         3
 Summon Guardian Golem    Hex/Summ       15%        N/A       10%         3
 Teleport Other           Tloc           15%        N/A       10%         3
 Fulminant Prism          Conj/Hex       17%        3d11      10%         4
 Iskenderun's Mystic Bla  Conj/Tloc      34%        2d8       10%         4
 Sticky Flame             Conj/Fire      34%        2d5       10%         4
 Summon Lightning Spire   Summ/Air       34%        N/A       10%         4
 Dragon Form              Tmut           37%        N/A       21%         7
 Cause Fear               Hex            7%         N/A       32%         4
 Summon Ice Beast         Ice/Summ       15%        N/A       32%         4
 Storm Form               Tmut/Air       31%        N/A       56%         7
 Summon Mana Viper        Hex/Summ       15%        N/A       65%         5
 Haunt                    Necr/Summ      29%        N/A       77%         7
 Dispersal                Tloc           7%         N/A       99%         6
 Malign Gateway           Summ/Tloc      7%         N/A       100%        7
 Monstrous Menagerie      Summ           7%         N/A       100%        7
 Borgnjor's Revivificati  Necr           41%        N/A       41%         8
 Infestation              Necr           41%        N/A       41%         8
 Necromutation            Tmut/Necr      39%        N/A       63%         8
 Discord                  Hex            7%         N/A       100%        8
 Maxwell's Capacitive Co  Air            25%        ∞         100%        8
 Summon Horrible Things   Summ           7%         N/A       100%        8
 Death's Door             Necr           41%        N/A       100%        9
 Swiftness                Air            Unusable   N/A       N/A         3

Dungeon Overview and Level Annotations

Branches:
Dungeon (15/15)            Temple (1/1) D:5            Lair (6/6) D:9
 Shoals (3/4) Lair:3       Spider (4/4) Lair:3        Slime (0/5) Lair:6
    Orc (2/2) D:12            Elf (0/3) Orc:2        Vaults (0/5) D:14
 Depths (0/5) D:15          Sewer (visited)         Volcano (visited)
Gauntlet (visited)

Altars:
Ashenzari
Cheibriados
Dithmenos
Elyvilon
Fedhas
Gozag
Hepliaklqana
Kikubaaqudgha
Makhleb
Nemelex Xobeh
Okawaru
Qazlal
Ru
Sif Muna
Trog
Uskayaw
Vehumet
Wu Jian
Xom
Yredelemnul
Zin
The Shining One
Lugonu

Shops:
D:8 !   D:9 [   D:14 !   Orc:1 ?   Orc:2 :([(

Portals:
Abyss: Lair:6
Trove: D:14 (give +6 demon blade)

Annotations:
D:3 exclusion: adder
D:12 3 runed translucent doors


Innate Abilities, Weirdness & Mutations

You cannot be hasted, slowed, berserked, paralysed or teleported.
You can dig through walls and to a lower floor.
You have a pair of large antennae on your head. (SInv)
Your four strong arms can wield two-handed weapons with a shield.
You are partially covered in iridescent scales. (AC +2)
Your skin changes colour to match your surroundings (Stealth+).
Your flesh is cold resistant. (rC+)
Your system is resistant to poisons. (rPois)
You evolve.


Message History

You enter the shallow water.
Moving in this stuff is going to be slow.
You now have 5301 gold pieces (gained 7).
J - 379 arrows (gained 1)
You enter the shallow water.
Moving in this stuff is going to be slow.
The kraken is distracted by your dazzling golden aura.
J - 380 arrows (gained 1)
The kraken is no longer distracted by gold.
You now have 5306 gold pieces (gained 5).
Tentacles burst out of the water!
You sense a monster nearby. 4 tentacles come into view.
Casting: Borgnjor's Vile Clutch (safe; 1% risk of failure)
Confirm with . or Enter, or press ? or * to list all spells.
Aiming: Borgnjor's Vile Clutch (safe; 1% risk of failure)
Press: ? - help, Shift-Dir - straight line, f - tentacle
Aim: a tentacle (100% to hit)
Okay, then.
A tentacle segment bursts forth from the water. x3
You block the tentacle's attack. The tentacle slaps you!
The tentacle slaps you but does no damage.
You block the tentacle's attack. You block the tentacle's attack.
A tentacle segment bursts forth from the water. x9
You block the tentacle's attack.
The tentacle slaps you but does no damage. x2
The tentacle barely misses you. The tentacle slaps you!
You block the tentacle's attack.
A tentacle segment bursts forth from the water. x6
The tentacle barely misses you. The tentacle slaps you!!
You block the tentacle's attack. x2
The tentacle completely misses you. The tentacle slaps you! x3
The tentacle slaps you!
You die...
Your body crumbles into a pile of gold.

≈≈≈≈≈≈≈≈≈≈≈≈≈≈≈≈≈≈≈≈<........
≈≈≈≈≈≈≈≈≈≈≈≈≈≈≈≈≈≈P≈P.###....
≈≈≈≈≈≈≈≈≈≈≈≈≈≈≈≈≈≈≈≈PP###....
≈≈≈≈≈≈≈≈≈^.Λ≈≈≈≈.≈≈≈≈≈..≈PP..
≈≈≈≈≈≈≈≈≈.{#│≈≈≈≈≈≈≈.....PP.#
≈≈≈≈≈≈≈≈≈*##│≈≈≈P≈≈≈≈....PP.#
≈≈≈≈X≈≈≈≈≈##w≈≈≈≈≈≈≈≈.P...≈.#
≈≈≈≈≈≈≈≈≈≈w≈≈≈≈≈≈≈≈≈.....≈P..
≈≈≈≈≈≈≈≈≈≈ww@≈≈≈≈.≈≈.......≈≈
≈≈≈≈≈≈≈≈≈≈≈≈≈≈≈≈.......P...≈≈
≈≈≈≈≈≈≈≈≈≈≈≈≈≈≈≈..##.....≈≈≈≈
≈≈≈≈≈≈≈≈≈≈≈≈≈≈≈≈.###....≈≈P≈≈
≈≈≈≈≈$≈≈(≈≈≈≈≈≈≈.# #PP.P.P..≈
≈≈≈≈≈(≈≈≈≈≈≈≈≈≈≈≈.....≈..≈≈≈≈
≈≈≈≈≈≈≈≈≈≈≈≈≈≈≈≈≈≈...≈P≈P≈≈≈≈
≈≈≈≈≈≈≈≈≈≈≈≈≈≈≈≈≈≈≈≈≈≈≈≈≈≈P≈
..≈≈≈≈≈≈≈≈≈≈≈≈≈≈≈≈≈≈≈≈≈≈≈≈


You could see 4 tentacles.

Vanquished Creatures
  Arachne (Spider:4)
  Rupert (D:13)
  Kirke (D:13)
  Roxanne (Spider:1)
  A balrug (Gauntlet)
  7 emperor scorpions
  3 ghost moths
  Louise (Spider:4)
  Nessos (D:12)
  Azrael (D:14)
  A minotaur (Gauntlet)
  4 spark wasps
  4 entropy weavers
  Josephine (D:12)
  Snorg (Lair:4)
  A fire dragon (Volcano)
  3 merfolk impalers
  5 hydras
  A vault guard (D:14)
  Erolcha (Orc:1)
  4 ogre magi (Orc:2)
  2 boulder beetles
  2 centaur warriors
  An alligator snapping turtle (Shoals:3)
  2 merfolk aquamancers (Shoals:3)
  A tengu warrior (D:14)
  A merfolk avatar (Shoals:2)
  12 two-headed ogres
  3 death yaks (Lair:5)
  2 thrashing horrors (Lair:6)
  Sonja (D:10)
  5 sun demons (Volcano)
  2 skeletal warriors (D:15)
  10 sea snakes
  A flayed ghost (D:15)
  11 harpies
  A lindwurm (Lair:6)
  25 orb spiders
  Pikel (D:4)
  3 deep elf zephyrmancers (Orc:2)
  26 wolf spiders
  5 deep elf pyromancers (Orc:2)
  A necromancer (D:15)
  4 oklob plants
  3 orc knights
  A moth of wrath (Spider:4)
  8 cyclopes
  8 manticores
  7 fauns
  An orc sorcerer (Orc:1)
  25 ugly things
  11 merfolk sirens
  4 black mambas
  10 elephants
  Maurice (D:13)
  6 centaur zombies
  2 gargoyles
  A fire giant skeleton (D:15)
  5 torpor snails
  A water nymph (Shoals:2)
  3 smoke demons (Lair:6)
  A minotaur zombie (Gauntlet)
  12 cane toads
  A spriggan zombie (D:15)
  2 rime drakes
  3 unseen horrors
  9 yaktaurs (D:14)
  An efreet (D:15)
  9 demonic crawlers
  7 komodo dragons
  2 ancient zymes (Lair:6)
  2 tengu conjurers
  23 jumping spiders
  A jumping spider (shapeshifter) (Lair:6)
  14 merfolk
  A polar bear (shapeshifter) (Lair:6)
  2 polar bears (Lair:4)
  3 trolls
  8 wind drakes
  18 blink frogs
  6 hornets
  20 slime creatures
  5 snapping turtles
  A boulder beetle zombie (D:13)
  2 fire dragon zombies
  2 dream sheep (Lair:6)
  A centaur simulacrum (D:15)
  22 tarantellas
  2 spriggans (Lair:6)
  A vampire (D:12)
  An air elemental (D:10)
  4 wyverns
  6 wraiths
  5 fire elementals
  50 redbacks
  52 yaks
  2 ynoxinuls (Lair:6)
  8 water elementals
  3 fire bats (Lair:3)
  2 orc zombies
  An ettin skeleton (D:15)
  Grum (D:8)
  A black mamba skeleton (Gauntlet)
  11 basilisks
  4 hogs
  7 vampire mosquitoes
  2 steam dragons
  A chaos spawn (Lair:6)
  5 wargs
  7 water moccasins
  A naga skeleton (Gauntlet)
  Duvessa (D:7)
  2 acid dragons
  11 small abominations (Lair:6)
  8 hell hounds
  An ice beast (D:7)
  A large abomination (Lair:6)
  A hornet zombie (D:14)
  21 orc warriors
  A black bear (shapeshifter) (D:14)
  A manticore zombie (D:14)
  29 ogres
  An elf zombie (Gauntlet)
  A sky beast (D:6)
  4 boggarts (D:14)
  2 necrophages
  8 wolves
  An elf skeleton (Gauntlet)
  6 centaurs
  A phantom (D:6)
  3 lemures (D:4)
  9 bullfrogs
  A kobold brigand (D:9)
  A gnoll sergeant (D:6)
  4 scorpions
  An earth elemental (D:10)
  A cyclops zombie (D:14)
  A water moccasin zombie (D:5)
  A cyclops skeleton (D:13)
  A warg zombie (Orc:2)
  Dowan (D:7)
  A water moccasin skeleton (D:5)
  A troll zombie (D:13)
  A yak zombie (Gauntlet)
  10 killer bees
  2 yak skeletons (Gauntlet)
  5 wights (D:9)
  2 howler monkeys (D:5)
  6 jellies
  A bullfrog zombie (D:3)
  A black bear zombie (D:13)
  2 hounds (D:5)
  A basilisk zombie (D:14)
  18 orc priests
  A bullfrog skeleton (D:7)
  2 gnoll shamans
  Jessica (D:3)
  7 iguanas
  17 orc wizards
  A killer bee zombie (D:7)
  An ogre zombie (Orc:2)
  An ogre skeleton (D:13)
  A hound zombie (D:14)
  A hound skeleton (D:4)
  2 howler monkey zombies
  Robin (D:4)
  19 gnolls
  A steam dragon zombie (D:13)
  2 adders
  A river rat (D:5)
  2 white imps (D:6)
  An ufetubus (D:6)
  An adder skeleton (D:4)
  3 worms
  4 dart slugs
  64 orcs
  7 bats
  8 endoplasms
  9 giant cockroaches
  7 hobgoblins
  12 jackals
  14 kobolds
  6 quokkas
  8 ball pythons
  A dart slug zombie (D:13)
  8 frilled lizards
  2 frilled lizard zombies
  14 goblins
  A kobold zombie (D:14)
  2 orc skeletons (D:13)
  A quokka zombie (D:14)
  A bush (Lair:4)
  4 butterflies
1033 creatures vanquished.

Vanquished Creatures (collateral kills)
  A scorpion (D:9)
1 creature vanquished.

Vanquished Creatures (others)
  A torpor snail (Lair:6)
  An orc (Orc:2)
  12 fungi
  67 plants
  16 withered plants
97 creatures vanquished.

Grand Total: 1131 creatures vanquished

Notes
Turn   | Place    | Note
-------+----------+-------------------------------------------
     0 | D:1      | DildoBatman the Formicid Conjurer began the quest for the
                  | Orb.
     0 | D:1      | Reached XP level 1. HP: 13/13 MP: 3/3
   155 | D:1      | Reached XP level 2. HP: 16/19 MP: 0/5
   158 | D:1      | Learned a level 2 spell: Searing Ray
   229 | D:1      | You fall into a shaft and drop 1 floor!
   704 | D:1      | Reached XP level 3. HP: 10/24 MP: 0/6
   852 | D:1      | Found a faded altar of an unknown god.
  1222 | D:2      | Reached XP level 4. HP: 23/30 MP: 4/7
  1551 | D:2      | Reached skill level 5 in Conjurations
  1815 | D:3      | Reached XP level 5. HP: 32/35 MP: 3/10
  1856 | D:3      | Found a shimmering altar of Xom.
  1860 | D:3      | Found a hazy altar of Hepliaklqana.
  1861 | D:3      | Noticed a spectral ugly thing
  1957 | D:3      | Reached XP level 6. HP: 41/41 MP: 4/12
  2024 | D:3      | Noticed Jessica
  2295 | D:4      | Noticed a necrophage
  2302 | D:4      | Killed a necrophage
  2303 | D:4      | Reached skill level 5 in Spellcasting
  2420 | D:4      | Reached XP level 7. HP: 46/46 MP: 6/15
  2847 | D:5      | Entered Level 5 of the Dungeon
  2866 | D:5      | Learned a level 3 spell: Mephitic Cloud
  2887 | D:5      | Found a staircase to the Ecumenical Temple.
  2922 | Temple   | Entered the Ecumenical Temple
  2962 | Temple   | Became a worshipper of Kikubaaqudgha
  3013 | D:5      | Reached skill level 1 in Poison Magic
  3067 | D:5      | Reached skill level 1 in Fighting
  3067 | D:5      | Reached skill level 1 in Armour
  3067 | D:5      | Reached skill level 1 in Air Magic
  3081 | D:5      | Reached XP level 8. HP: 42/54 MP: 5/18
  3344 | D:5      | Found a glowing drain.
  3369 | Sewer    | Entered a sewer
  3381 | Sewer    | Reached * piety under Kikubaaqudgha
  3381 | Sewer    | Received a gift from Kikubaaqudgha
  4360 | D:4      | Noticed Robin
  4364 | D:4      | Killed Robin
  4378 | D:4      | Reached ** piety under Kikubaaqudgha
  4431 | D:4      | Reached skill level 5 in Poison Magic
  4530 | D:4      | Noticed Pikel
  4549 | D:4      | Killed Pikel
  4550 | D:4      | Reached XP level 9. HP: 20/61 MP: 9/19
  4680 | D:3      | Killed Jessica
  4681 | D:3      | Reached skill level 5 in Air Magic
  4895 | D:6      | Reached skill level 1 in Shields
  5263 | D:6      | Found a glowing golden altar of the Shining One.
  5264 | D:6      | Found a white marble altar of Elyvilon.
  5265 | D:6      | Found a glowing silver altar of Zin.
  5462 | D:7      | Noticed Duvessa
  5646 | D:7      | Reached XP level 10. HP: 44/70 MP: 4/20
  5821 | D:7      | Noticed Dowan
  5837 | D:7      | Killed Dowan
  5838 | D:7      | Killed Duvessa
  6104 | D:7      | Found a blossoming altar of Fedhas.
  6212 | D:7      | Found a broken altar of Ashenzari.
  6338 | D:8      | You fall into a shaft and drop 3 floors!
  6342 | D:11     | Learned a level 2 spell: Sublimation of Blood
  6346 | D:11     | Learned a level 3 spell: Vampiric Draining
  6359 | D:11     | Learned a level 3 spell: Ignite Poison
  6390 | D:11     | Reached skill level 1 in Necromancy
  6410 | D:11     | Noticed a purple ugly thing
  6420 | D:10     | Entered Level 10 of the Dungeon
  6523 | D:10     | Reached *** piety under Kikubaaqudgha
  6523 | D:10     | Received a gift from Kikubaaqudgha
  6524 | D:10     | Reached skill level 5 in Armour
  6526 | D:10     | Reached skill level 5 in Fighting
  6532 | D:10     | Learned a level 5 spell: Borgnjor's Vile Clutch
  6537 | D:10     | Learned a level 4 spell: Dispel Undead
  6630 | D:10     | Noticed a komodo dragon
  6659 | D:10     | Killed a komodo dragon
  6803 | D:10     | Noticed a two-headed ogre
  6847 | D:10     | Killed a two-headed ogre
  6848 | D:10     | Reached skill level 5 in Necromancy
  6881 | D:10     | Noticed an unseen horror
  6891 | D:10     | Killed an unseen horror
  6892 | D:10     | Reached skill level 1 in Earth Magic
  6892 | D:10     | Reached XP level 11. HP: 71/79 MP: 7/21
  7004 | D:10     | Found a large runed translucent door.
  7005 | D:10     | Found a large runed translucent door.
  7031 | D:10     | Reached skill level 2 in Earth Magic
  7057 | D:10     | Reached skill level 3 in Earth Magic
  7134 | D:10     | Noticed Sonja
  7298 | D:10     | Killed Sonja
  7299 | D:10     | Reached skill level 4 in Earth Magic
  7396 | D:10     | Reached skill level 5 in Earth Magic
  7750 | D:8      | Found a shadowy altar of Dithmenos.
  7772 | D:8      | Reached skill level 6 in Earth Magic
  8049 | D:8      | Noticed Grum
  8053 | D:8      | Reached **** piety under Kikubaaqudgha
  8054 | D:8      | Killed Grum
  8066 | D:8      | Reached skill level 7 in Earth Magic
  8275 | D:8      | Found a sacrificial altar of Ru.
  8538 | D:8      | Found Genwouj's Distillery.
  8541 | D:8      | Bought a potion of degeneration for 15 gold pieces
  8725 | D:9      | Noticed a two-headed ogre
  8735 | D:9      | Killed a two-headed ogre
  8931 | D:9      | Reached skill level 8 in Earth Magic
  8992 | D:9      | Reached XP level 12. HP: 58/86 MP: 8/22
  9067 | D:9      | Found Boizuge's Antique Armour Shoppe.
  9137 | D:9      | Found a bloodstained altar of Trog.
  9337 | D:9      | Reached skill level 9 in Earth Magic
  9495 | D:9      | Found a staircase to the Lair.
 10246 | D:11     | Reached ***** piety under Kikubaaqudgha
 10369 | D:12     | Found a runed translucent door.
 10381 | D:12     | Found a runed translucent door.
 10382 | D:12     | Noticed a merfolk impaler
 10382 | D:12     | Noticed a merfolk avatar
 10432 | D:12     | Noticed an eight-headed hydra
 10449 | D:12     | Killed an eight-headed hydra
 10653 | D:12     | Noticed a two-headed ogre
 11022 | D:12     | Noticed Josephine
 11037 | D:12     | Killed Josephine
 11206 | D:12     | Reached skill level 5 in Shields
 11250 | D:12     | Reached XP level 13. HP: 41/93 MP: 3/24
 11393 | D:12     | Found a staircase to the Orcish Mines.
 11461 | D:12     | Noticed Nessos
 11469 | D:12     | Reached skill level 10 in Earth Magic
 11647 | D:12     | Killed Nessos
 11679 | D:12     | Found a runed translucent door.
 11978 | Orc:1    | Entered Level 1 of the Orcish Mines
 11993 | Orc:1    | Noticed Erolcha
 12000 | Orc:1    | Killed Erolcha
 12161 | Orc:1    | Found Tihic's Magic Scroll Boutique.
 12168 | Orc:1    | Bought a scroll of noise for 18 gold pieces
 12347 | Orc:1    | Reached skill level 10 in Necromancy
 12525 | Orc:2    | Entered Level 2 of the Orcish Mines
 12560 | Orc:2    | Reached skill level 5 in Dodging
 12776 | Orc:2    | Noticed an ogre mage
 12795 | Orc:2    | Killed an ogre mage
 12824 | Orc:2    | Reached ****** piety under Kikubaaqudgha
 13020 | Orc:2    | Received a gift from Kikubaaqudgha
 13021 | Orc:2    | Fell from the grace of Kikubaaqudgha
 13184 | Temple   | Became a worshipper of Gozag Ym Sagoz the Greedy
 13632 | Orc:2    | Noticed an ogre mage
 13638 | Orc:2    | Killed an ogre mage
 13689 | Orc:2    | Noticed an ogre mage
 13697 | Orc:2    | Killed an ogre mage
 13698 | Orc:2    | Reached XP level 14. HP: 55/104 MP: 4/26
 13865 | Orc:2    | Found Wetsie's Weapon Shoppe.
 13865 | Orc:2    | Found Umubrixe's Antique Weapon Boutique.
 13865 | Orc:2    | Found Voasut's Book Shop.
 13865 | Orc:2    | Found Lilecw's Antique Armour Shoppe.
 13925 | Orc:2    | Reached skill level 11 in Earth Magic
 14223 | Orc:2    | Found a staircase to the Elven Halls.
 14717 | Orc:2    | Bought a silken robe for 176 gold pieces
 14717 | Orc:2    | Identified the +2 robe of the Arcane {rElec rF+ Dex-5} (You
                  | bought it in a shop on level 2 of the Orcish Mines)
 14877 | D:8      | Bought a potion of invisibility for 120 gold pieces
 14877 | D:8      | Bought a potion of magic for 120 gold pieces
 14877 | D:8      | Bought a potion of brilliance for 60 gold pieces
 14877 | D:8      | Bought a potion of cancellation for 120 gold pieces
 15003 | Orc:1    | Bought a scroll of holy word for 135 gold pieces
 15051 | D:13     | Noticed Kirke
 15129 | D:13     | Killed Kirke
 15234 | D:13     | Noticed Rupert
 15238 | D:13     | Noticed Maurice
 15255 | D:13     | Killed Rupert
 15256 | D:13     | Killed Maurice
 17050 | D:14     | Noticed Azrael
 17116 | D:14     | Gained mutation: You are robust. (+10% HP) [potion of
                  | mutation]
 17116 | D:14     | Gained mutation: You have large cloven feet. [potion of
                  | mutation]
 17136 | D:14     | Found a broken altar of Ashenzari.
 17263 | D:14     | Reached skill level 10 in Shields
 17561 | D:14     | Killed Azrael
 17926 | D:14     | Reached XP level 15. HP: 77/123 MP: 11/28
 18541 | D:14     | Found a portal to a secret trove of treasure.
 19106 | D:14     | Found a gate to the Vaults.
 19315 | D:14     | Found Dunoz's Distillery.
 19321 | D:14     | Bought a potion of curing for 42 gold pieces
 19321 | D:14     | Bought 2 potions of brilliance for 112 gold pieces
 19321 | D:14     | Bought a potion of magic for 112 gold pieces
 19321 | D:14     | Bought a potion of mutation for 112 gold pieces
 19321 | D:14     | Bought a potion of curing for 42 gold pieces
 19489 | D:15     | Entered Level 15 of the Dungeon
 19656 | D:15     | Found a staircase to the Depths.
 19725 | D:15     | Found a gate leading to a gauntlet.
 19741 | Gauntlet | Entered a Gauntlet
 19741 | Gauntlet | Found a transporter.
 19741 | Gauntlet | Found a transporter.
 19747 | Gauntlet | Found a transporter.
 19752 | Gauntlet | Found a transporter.
 19771 | Gauntlet | Found a transporter.
 19777 | Gauntlet | Noticed a balrug
 19779 | Gauntlet | Found a transporter.
 19779 | Gauntlet | Found a transporter.
 19779 | Gauntlet | Noticed a reaper
 19782 | Gauntlet | Found a transporter.
 19807 | Gauntlet | Found a transporter.
 19814 | Gauntlet | Found a transporter.
 19823 | Gauntlet | Found a transporter.
 19832 | Gauntlet | Found a transporter.
 19867 | Gauntlet | Found a transporter.
 19881 | Gauntlet | Found a transporter.
 19981 | Gauntlet | Found a transporter.
 20000 | Gauntlet | Found a transporter.
 20218 | Gauntlet | Identified the amulet "Rawixoh" {RegenMP Harm Drain rC++
                  | Dex+4}
 20900 | Gauntlet | Killed a balrug
 20909 | Gauntlet | Was forgiven by Kikubaaqudgha
 21056 | Gauntlet | Identified the +17 plate armour of Courage {rC+}
 22009 | D:15     | Reached skill level 15 in Shields
 22234 | D:15     | Reached XP level 16. HP: 88/130 MP: 25/29
 22610 | Lair:1   | Entered Level 1 of the Lair of Beasts
 23575 | Lair:2   | Found a snail-covered altar of Cheibriados.
 23865 | Lair:3   | Identified the +0 pair of boots of the Stone Wall {rCorr
                  | Str+3}
 23896 | Lair:3   | Found a staircase to the Shoals.
 23945 | Lair:3   | Found a dark tunnel.
 23994 | Volcano  | Entered a volcano
 24003 | Volcano  | Reached skill level 12 in Earth Magic
 24057 | Volcano  | Reached skill level 10 in Spellcasting
 24804 | Lair:3   | Found a hole to the Spider Nest.
 25199 | Lair:4   | Noticed Snorg
 25203 | Lair:4   | Killed Snorg
 25204 | Lair:4   | Reached skill level 10 in Armour
 25295 | Lair:4   | Identified the +1 flail of Ityih {vorpal, rCorr Int+3}
 25376 | Lair:4   | Reached skill level 10 in Fighting
 26630 | Lair:6   | Entered Level 6 of the Lair of Beasts
 26758 | Lair:6   | Found a staircase to the Slime Pits.
 26822 | Lair:6   | Lost mutation: You have large cloven feet. [potion of
                  | mutation]
 26822 | Lair:6   | Lost mutation: You are robust. (+10% HP) [potion of
                  | mutation]
 26822 | Lair:6   | Gained mutation: You are weak. (Str -2) [potion of
                  | mutation]
 26823 | Lair:6   | Lost mutation: You are weak. (Str -2) [potion of mutation]
 26823 | Lair:6   | Gained mutation: Your system is resistant to poisons.
                  | (rPois) [potion of mutation]
 26823 | Lair:6   | Gained mutation: Your spells are a little harder to cast,
                  | but a little more powerful. [potion of mutation]
 26823 | Lair:6   | Gained mutation: Your skin changes colour to match your
                  | surroundings (Stealth+). [potion of mutation]
 26823 | Lair:6   | Gained mutation: You evolve. [potion of mutation]
 26944 | Lair:6   | Reached skill level 13 in Earth Magic
 27122 | Lair:6   | Reached XP level 17. HP: 117/128 MP: 4/31
 27438 | Lair:6   | Gained mutation: Your flesh is cold resistant. (rC+)
                  | [evolution]
 27440 | Lair:6   | Learned a level 5 spell: Bolt of Magma
 27823 | Lair:6   | Found a corrupted altar of Lugonu.
 27823 | Lair:6   | Found a one-way gate to the infinite horrors of the Abyss.
 28282 | Spider:1 | Entered Level 1 of the Spider Nest
 28462 | Orc:1    | Bought a scroll of enchant weapon for 135 gold pieces
 28462 | Orc:1    | Bought a scroll of acquirement for 936 gold pieces
 28462 | Orc:1    | Bought a scroll of identify for 36 gold pieces
 28462 | Orc:1    | Bought 2 scrolls of fog for 72 gold pieces
 28462 | Orc:1    | Bought a scroll of enchant armour for 135 gold pieces
 28462 | Orc:1    | Bought a scroll of fog for 36 gold pieces
 28462 | Orc:1    | Bought a scroll of fear for 63 gold pieces
 28586 | D:8      | Bought a potion of curing for 45 gold pieces
 28586 | D:8      | Bought 2 potions of magic for 240 gold pieces
 28719 | Orc:2    | Bought an encrusted long sword for 195 gold pieces
 28719 | Orc:2    | Identified the +2 long sword "Lifebane" {elec, rCorr Int-5
                  | Dex+2} (You bought it in a shop on level 2 of the Orcish
                  | Mines)
 29311 | Spider:1 | Reached skill level 14 in Earth Magic
 29995 | Spider:1 | Noticed Roxanne
 30014 | Spider:1 | Killed Roxanne
 30040 | Spider:1 | Learned a level 6 spell: Statue Form
 30496 | Spider:2 | Reached skill level 1 in Transmutations
 30851 | Spider:2 | Reached skill level 5 in Transmutations
 31218 | Spider:2 | Gained mutation: You are partially covered in iridescent
                  | scales. (AC +2) [evolution]
 31406 | Spider:3 | Reached XP level 18. HP: 134/134 MP: 8/32
 31569 | Spider:3 | Identified the ring of Lilodgh {rPois rCorr Str+2 Int+3}
 31842 | Spider:4 | Entered Level 4 of the Spider Nest
 31859 | Spider:4 | Noticed Arachne
 31867 | Spider:4 | Noticed Louise
 31868 | Spider:4 | Killed Arachne
 31876 | Spider:4 | Killed Louise
 32100 | Spider:4 | Reached skill level 10 in Transmutations
 32273 | Spider:4 | Reached skill level 15 in Earth Magic
 32412 | Spider:4 | Lost mutation: Your spells are a little harder to cast, but
                  | a little more powerful. [evolution]
 32660 | Spider:4 | Got a gossamer rune of Zot
 33259 | Shoals:1 | Entered Level 1 of the Shoals
 33276 | Shoals:1 | Found Xuuwil's General Store.
 33772 | Shoals:1 | Reached XP level 19. HP: 103/140 MP: 26/33
 33903 | Shoals:2 | Reached skill level 16 in Earth Magic
 35074 | Shoals:3 | Reached skill level 15 in Necromancy
 35086 | Shoals:3 | Slain by a tentacle

Illustrated notes

Levels and vault maps discovered:
D:1:      pf_arrival_petrified_forest, layout_basic,
          shapermc_ecumenical_altar_mp_ritualfount
D:2:      layout_basic, minmay_octomino_e4
D:3:      layout_basic, regret_index_temple_of_mockery, uniq_jessica
D:4:      layout_gridville, uniq_pikel, uniq_robin
D:5:      layout_basic, minmay_temple_entry_waves,
          cheibrodos_sewer_entry_sluice, hangedman_decor_growths,
          minmay_fractal_squares_5
D:6:      layout_rooms, good_gods_temple_1
D:7:      layout_rooms, mainiacjoe_overflow_swirl, minivault_25,
          dk_noncrumbling_3, lemuel_flamethrower_2, uniq_duvessa
D:8:      layout_basic, lemuel_crystal_altar, mainiacjoe_overflow_24_doors,
          serial_shops, kennysheep_mini_moat, uniq_grum
D:9:      layout_loops_ring, trog_butcher_becter, lair_entry_dummy,
          serial_shops, nicolae_square_shop, kennysheep_generic_room_2
D:10:     layout_cave_pools, grunt_ministairs_3, lightli_elemental_guards,
          uniq_sonja
D:11:     layout_roguey
D:12:     layout_roguey, david_orc_3, mikee_hates_you, uniq_nessos,
          uniq_josephine
D:13:     layout_basic, uniq_maurice, uniq_rupert, uniq_kirke
D:14:     layout_roguey, david_vaults_5, evilmike_ruin_ashenzari, serial_shops,
          nicolae_shop_temple_entry_statues_fountains,
          nicolae_trove_entry_columns, uniq_azrael
D:15:     gammafunk_depths_entry_grave, layout_basic,
          hellmonk_bongcloud_opening, gauntlet_entry_generic
Temple:   minmay_temple_bridge_abc
Lair:1:   layout_gridlike, lemuel_another_geyser
Lair:2:   layout_roguey, lemuel_oklob_altar
Lair:3:   layout_loops_ring, elwin_shoals_entry_stream,
          nicolae_spider_entry_orb_guardian, nicolae_volcano_entry_batcave,
          minmay_lair_oklob_chamber, infiniplex_staircase_pool
Lair:4:   layout_hall_layers, grunt_megastairs_4, lemuel_fruit_tree,
          lemuel_fruit_fields, infiniplex_staircase_pool_2, uniq_snorg
Lair:5:   layout_loops_ring, lemuel_fruit_fields, serial_bayou_shore_b
Lair:6:   hellmonk_lair_end_abyssal_woods, layout_gridlike,
          nicolae_slime_entry_slimehenge, grunt_megastairs_5
Shoals:1: layout_shoals, serial_shops, shop_fountains, dpeg_stationary_puzzle
Shoals:2: layout_shoals
Shoals:3: layout_shoals, nicolae_shoals_nymph_descending_staircase
Spider:1: cheibrodos_forgotten_conduit, nicolae_spider_circle_web, uniq_roxanne
Spider:2: layout_spider_delve, drop_trap, nicolae_spider_webs_and_nodes
Spider:3: layout_spider_delve
Spider:4: grunt_spider_rune_circles, uniq_arachne, uniq_louise
Orc:1:    layout_caves, serial_shops, shop, uniq_erolcha
Orc:2:    st_orc_ogre_mass, layout_caves, elves_outpost_lemuel

Skill      XL: |  1  2  3  4  5  6  7  8  9 10 11 12 13 14 15 16 17 18 19 |
---------------+----------------------------------------------------------+-----
Conjurations   | 4 5 6 |  6.0
Spellcasting   | 3 4 5 6 7 8 9 10 | 10.0
Poison Magic   | 2 6 |  6.0
Fighting       | 1 2 3 5 6 7 8 10 | 10.0
Armour         | 1 2 3 5 6 7 8 10 | 10.0
Air Magic      | 1 4 6 |  6.0
Shields        | 3 5 7 10 15 | 15.0
Dodging        | 2 3 4 5 6 7 |  7.0
Necromancy     | 6 9 10 11 12 13 14 15 | 15.0
Earth Magic    | 1 8 9 10 11 13 14 15 16 | 16.8
Transmutations | 6 12 | 12.0
Stealth        | |  2.4

Action                   |  1- 3 |  4- 6 |  7- 9 | 10-12 | 13-15 | 16-18 | 19-21 || total
-------------------------+-------+-------+-------+-------+-------+-------+-------++-------
Melee: Dagger            |     6 |       |       |       |       |       |       ||     6
       Mace              |    25 |    14 |    78 |    33 |       |       |       ||   150
       Spear             |       |       |       |   177 |    15 |       |       ||   192
       Scimitar          |       |       |       |       |    39 |     4 |       ||    43
       Falchion          |       |       |       |       |    36 |    72 |     5 ||   113
 Fire: Longbow           |       |       |       |       |   407 |   489 |   107 ||  1003
 Cast: Magic Dart        |    23 |    10 |    13 |     4 |       |     4 |       ||    54
       Searing Ray       |     3 |    18 |    60 |    61 |    33 |     7 |       ||   182
       Mephitic Cloud    |       |       |       |    29 |    32 |    14 |       ||    75
       Borgnjor's Vile C |       |       |       |    43 |   186 |   339 |    71 ||   639
       Dispel Undead     |       |       |       |     6 |    10 |       |       ||    16
       Vampiric Draining |       |       |       |     5 |    18 |     1 |       ||    24
       Sublimation of Bl |       |       |       |     1 |    14 |     7 |       ||    22
       Ignite Poison     |       |       |       |       |     3 |     4 |       ||     7
       Statue Form       |       |       |       |       |       |     8 |       ||     8
       Bolt of Magma     |       |       |       |       |       |     3 |       ||     3
Invok: Receive Forbidden |       |       |       |       |     1 |       |       ||     1
       Renounce Religion |       |       |       |       |     1 |       |       ||     1
 Abil: Dig               |     3 |     2 |    45 |    36 |    55 |    44 |     4 ||   189
Evoke: Tin of tremorston |       |       |       |     1 |       |       |       ||     1
       Phantom mirror    |       |       |       |       |       |     1 |       ||     1
  Use: Scroll            |       |       |     3 |     1 |    13 |    13 |     1 ||    31
       Potion            |       |       |     1 |       |     1 |     3 |       ||     5
 Stab: Sleeping          |     3 |     2 |     2 |     2 |       |     1 |       ||    10
       Confused          |       |       |       |     9 |     2 |     1 |       ||    12
       Distracted        |       |       |       |       |       |     1 |       ||     1
Armor: Robe              |     6 |     6 |    75 |    65 |    97 |    39 |    11 ||   299
       Ring mail         |       |       |    16 |     1 |     5 |       |       ||    22
       Skin              |       |       |       |       |       |    83 |       ||    83
Dodge: Dodged            |    21 |    23 |   122 |   142 |   156 |   211 |    26 ||   701
       Repelled          |       |       |       |       |       |     7 |     2 ||     9
Block: Buckler           |       |       |    12 |    50 |    55 |       |       ||   117
       Tower shield      |       |       |       |       |    80 |   404 |    57 ||   541
       Rpst.: Scimitar   |       |       |       |       |     9 |       |       ||     9
       Falchion          |       |       |       |       |     6 |    15 |     1 ||    22
